Map: Ancient Cistern LE

Players

Kildren

  • Race: Zerg Zerg
  • League: Diamond
  • Spawn Location: 1:00

HTooL - Winner!

  • Race: Terran Terran
  • League: Diamond
  • Spawn Location: 7:00

VOD

Have the link to the VOD?

Description

Time

  • Played on: July 26, 2023, 4:33 a.m.
  • Length: 20:36
Show
View Real Time Build Order
Export as new Build Order

Kildren Zerg 

Build Orders: Hatch First 

Get SALT Encoding   

  12  0:00  Drone  
  13  0:12  Overlord  
  13  0:22  Drone  
  14  0:31  Drone x2  
  16  0:39  Drone  
  17  0:50  Drone  
  18  0:58  Hatchery  
  18  1:01  Drone  
  18  1:04  Extractor  
  18  1:08  Drone  
  18  1:16  Spawning Pool  
  17  1:19  Drone  
  18  1:28  Drone  
  19  1:39  Overlord  
  19  1:51  Drone  
  20  2:05  Queen, Zergling x2  
  23  2:10  Queen, Zergling x2  
  23  2:12  Drone  
  23  2:13  Metabolic Boost  
  28  2:22  Drone  
  28  2:23  Drone  
  29  2:35  Drone x2  
  31  2:43  Queen  
  33  2:51  Overlord  
  33  2:55  Hatchery  
  32  3:02  Overlord  
  32  3:09  Queen  
  32  3:10  Drone x2  
  36  3:15  Overlord  
  36  3:27  Drone x6  
  38  3:33  Drone x2  
  44  3:39  Lair  
  45  3:41  Drone  
  45  3:46  Drone  
  46  3:51  Queen  
  46  3:54  Zergling x4  
  50  3:56  Zergling x2  
  50  3:57  Zergling x2  
  50  4:01  Overlord  
  52  4:04  Overlord  
  52  4:09  Extractor  
  51  4:13  Baneling Nest  
  51  4:14  Drone x4  
  51  4:17  Drone  
  53  4:26  Zergling x12  
  55  4:51  Zergling x16  
  54  5:10  Drone x2  
  54  5:11  Drone x6  
  61  5:22  Drone x2  
  63  5:29  Queen  
  63  5:31  Overlord x2  
  65  5:38  Centrifugal Hooks  
  65  5:46  Overlord x2  
  65  5:48  Queen x2  
  69  5:50  Drone x6  
  75  5:59  Hydralisk Den  
  75  6:00  Drone  
  75  6:01  Drone  
  75  6:02  Drone x4  
  80  6:15  Hatchery  
  80  6:18  Queen  
  79  6:20  Overlord x3  
  79  6:22  Drone x2  
  83  6:26  Zergling x10  
  87  6:47  Baneling  
  87  6:48  Baneling x3  
  87  6:49  Baneling x6  
  87  6:56  Drone x2  
  87  6:57  Evolution Chamber, Drone  
  87  6:58  Evolution Chamber, Drone x5  
  87  6:59  Overlord x3  
  91  7:11  Spire  
  91  7:14  Extractor  
  91  7:15  Drone, Extractor  
  88  7:16  Drone x7, Extractor  
  91  7:36  Zerg Missile Weapons Level 1, Zerg Ground Armor Level 1  
  82  7:49  Zergling x2  
  82  7:50  Zergling x18  
  92  7:51  Drone  
  92  7:52  Drone x6  
  99  8:04  Queen x2  
  99  8:05  Queen x2  
  107  8:06  Drone  
  107  8:07  Drone x3  
  111  8:16  Extractor  
  108  8:32  Zerg Flyer Weapons Level 1  
  98  9:01  Queen x4  
  98  9:02  Corruptor x6  
  112  9:15  Zergling x36  
  112  9:16  Zergling x4  
  129  9:26  Drone x7  
  136  9:37  Baneling  
  136  9:38  Baneling x16  
  136  9:48  Drone x8  
  136  9:49  Drone x4  
  148  9:53  Baneling x11  
  148  9:59  Hatchery  
  147  10:07  Zerg Melee Weapons Level 1  
  141  10:19  Zergling x2  
  141  10:20  Zergling x38  
  151  10:22  Overlord x2  
  151  10:39  Baneling x18  
  150  10:55  Zergling x40  
  154  11:03  Zergling x6  
  154  11:04  Zergling x4  
  149  11:14  Baneling x12  
  137  11:38  Zergling x22  
  137  11:39  Zergling x28  
  148  11:48  Zerg Missile Weapons Level 2  
  148  11:49  Infestation Pit  
  148  11:51  Queen  
  148  11:58  Baneling  
  148  11:59  Baneling x15  
  148  12:00  Zergling x2  
  148  12:01  Zergling x16  
  157  12:04  Hatchery  
  153  12:26  Zergling x36  
  153  12:29  Baneling  
  169  12:30  Baneling x9  
  170  12:48  Hive  
  140  12:59  Zergling x2  
  140  13:00  Zergling x42  
  140  13:03  Pathogen Glands  
  155  13:18  Zergling x6  
  155  13:19  Zergling x14  
  159  13:23  Baneling  
  159  13:24  Pneumatized Carapace  
  149  13:31  Baneling x4  
  149  13:32  Baneling x21  
  149  13:39  Hatchery  
  148  13:42  Zergling x20  
  158  13:50  Zerg Melee Weapons Level 2  
  158  13:56  Overlord x6  
  157  14:03  Zergling x10  
  157  14:04  Zergling x6  
  157  14:06  Overlord x4  
  157  14:07  Zerg Ground Armor Level 2  
  136  14:25  Zergling x16  
  136  14:26  Zergling x26  
  136  14:27  Baneling  
  136  14:28  Baneling x15  
  156  14:36  Greater Spire  
  155  14:41  Zergling x12  
  154  14:52  Adrenal Glands  
  133  15:03  Baneling x13  
  125  15:08  Zergling x30  
  125  15:14  Hydralisk x10  
  133  15:16  Muscular Augments  
  143  15:30  Zergling x2  
  143  15:31  Zergling x24  
  143  15:34  Queen, Baneling  
  151  15:38  Extractor  
  140  15:46  Queen x4  
  140  15:48  Drone x4  
  140  15:49  Drone x5  
  155  15:50  Baneling x3  
  155  15:51  Baneling x14  
  155  15:58  Brood Lord  
  155  16:01  Brood Lord  
  155  16:04  Drone x8  
  160  16:06  Extractor  
  160  16:08  Extractor  
  165  16:18  Zergling x34  
  174  16:20  Hatchery  
  181  16:28  Grooved Spines  
  168  16:42  Baneling x7  
  168  16:43  Baneling x8  
  168  16:44  Zergling x36  
  168  16:45  Zergling x6  
  185  16:52  Viper  
  185  17:00  Brood Lord  
  185  17:01  Brood Lord  
  188  17:06  Hatchery  
  152  17:17  Hydralisk x4  
  152  17:18  Hatchery, Zergling x14  
  165  17:33  Baneling x9  
  165  17:34  Zergling x2  
  165  17:35  Zergling x6  
  165  17:36  Hatchery  
  168  17:48  Brood Lord  
  168  17:55  Zergling x40  
  172  18:13  Zergling x10  
  177  18:25  Baneling x7  
  177  18:26  Baneling x16  
  177  18:28  Drone  
  177  18:29  Drone x8  
  177  18:32  Drone  
  177  18:33  Drone x5  
  192  18:36  Zergling x2  
  192  18:38  Baneling x5  
  174  18:55  Zergling x24  
  158  18:56  Zergling x14  
  153  19:17  Baneling x16  
  153  19:18  Baneling x14  
  148  19:31  Hydralisk x5  
  128  19:35  Hatchery  
  109  19:46  Zergling x12  
  109  19:47  Zergling x14  
  109  19:50  Brood Lord  
  121  20:07  Zergling x14  
Show
View Real Time Build Order
Export as new Build Order

HTooL Terran - Winner!

Build Orders: Hellion Opening 

Get SALT Encoding   

  12  0:00  SCV  
  13  0:12  SCV  
  14  0:17  Supply Depot  
  14  0:23  Refinery  
  14  0:28  SCV  
  15  0:41  Barracks  
  15  0:47  SCV  
  16  0:59  SCV  
  18  1:11  SCV  
  18  1:27  Orbital Command  
  18  1:28  Barracks Reactor  
  18  1:40  Command Center  
  18  1:51  Factory  
  18  1:56  SCV  
  19  2:04  Marine x2  
  21  2:09  Supply Depot  
  21  2:22  Marine x2  
  23  2:43  SCV, Starport  
  24  2:57  Hellion x2  
  28  3:05  Marine  
  28  3:07  SCV  
  28  3:09  Orbital Command  
  29  3:18  Hellion  
  29  3:19  Hellion  
  33  3:23  Marine  
  33  3:24  SCV  
  35  3:33  Medivac, Armory  
  37  3:37  SCV x2  
  37  3:40  Hellion  
  41  3:43  Hellion  
  41  3:44  Marine  
  44  3:49  SCV  
  44  3:52  SCV  
  46  4:04  Command Center  
  46  4:11  Refinery  
  46  4:24  Starport Tech Lab  
  46  4:30  Supply Depot  
  46  4:44  Supply Depot  
  46  4:45  SCV, Marine  
  44  4:47  Supply Depot  
  44  4:48  SCV  
  42  4:57  SCV, Fusion Core  
  40  5:00  SCV  
  39  5:10  SCV  
  39  5:12  SCV, Hellion x2  
  41  5:17  Orbital Command  
  39  5:22  Marine  
  39  5:26  Command Center  
  39  5:28  SCV x2  
  41  5:33  Refinery  
  42  5:40  SCV  
  43  5:44  Battlecruiser  
  43  5:47  Barracks Reactor  
  43  5:48  SCV  
  50  5:50  Barracks  
  50  5:52  SCV  
  50  5:53  Barracks  
  51  6:00  Hellion x2  
  51  6:03  SCV x2  
  57  6:07  Weapon Refit  
  57  6:08  SCV  
  58  6:18  Barracks  
  58  6:21  Hellion x2  
  58  6:24  Barracks  
  62  6:33  SCV  
  62  6:34  Hellion x4, Orbital Command  
  63  6:40  Barracks Tech Lab x2  
  63  6:41  Command Center  
  63  6:49  SCV x2  
  65  7:05  Marine x5  
  65  7:08  Battlecruiser  
  76  7:09  SCV x3  
  79  7:21  SCV  
  80  7:23  Marine x6  
  86  7:36  SCV  
  86  7:37  SCV x2  
  75  7:46  Refinery  
  75  7:48  Factory  
  75  7:49  SCV x2, Factory  
  77  7:53  Engineering Bay  
  77  7:54  Engineering Bay  
  77  7:55  SCV  
  77  7:56  Stimpack  
  77  7:57  Barracks Tech Lab x2  
  78  7:59  Combat Shield  
  78  8:01  Marine x4  
  82  8:17  Refinery  
  82  8:19  Marine x4  
  86  8:22  SCV x2, Refinery  
  86  8:23  SCV  
  86  8:24  Planetary Fortress  
  89  8:31  Marauder x2  
  93  8:37  Marine x2, Factory Tech Lab  
  93  8:38  Marauder x2  
  99  8:48  Factory Tech Lab x2  
  99  8:50  SCV x2  
  99  8:52  Marauder  
  99  8:53  Marauder  
  99  8:54  Marine  
  99  8:55  Marine  
  91  8:59  Marauder x2  
  81  9:10  SCV  
  81  9:12  SCV x2, Marine  
  81  9:13  Marine x2  
  81  9:14  SCV, Marauder  
  84  9:19  Siege Tank x3  
  84  9:22  SCV  
  94  9:24  SCV  
  94  9:28  SCV x2  
  97  9:34  Terran Infantry Weapons Level 1, SCV  
  97  9:35  Terran Infantry Armor Level 1  
  97  9:36  SCV  
  99  9:38  Marine  
  99  9:39  Marine x5  
  99  9:40  SCV x2  
  99  9:45  Supply Depot  
  107  9:46  SCV  
  107  9:48  Supply Depot, SCV  
  107  9:50  Supply Depot  
  107  9:52  Terran Vehicle Weapons Level 1  
  109  9:56  Marine x2, Siege Tank  
  109  9:57  Marine  
  115  10:06  Marine x3, Siege Tank  
  121  10:08  Medivac  
  121  10:10  Medivac  
  121  10:11  Hellion  
  127  10:14  Marine x3  
  130  10:21  Planetary Fortress  
  130  10:22  Command Center  
  130  10:31  Marine x2  
  130  10:32  Supply Depot, Marine x4, SCV x2  
  130  10:33  Supply Depot, Hellion  
  130  10:34  Supply Depot  
  140  10:49  Marine x2  
  140  10:50  Medivac, Marine  
  140  10:51  Siege Tank  
  140  10:53  Medivac, Marine  
  135  11:02  Marine  
  135  11:03  Marauder  
  127  11:08  Marine, Marauder x2  
  132  11:12  Marauder  
  134  11:20  Medivac, Marine  
  134  11:24  Marauder  
  139  11:25  Medivac, Marine  
  139  11:29  Marine x2  
  121  11:33  Marine  
  121  11:38  Marine  
  107  11:43  Marine  
  107  11:45  Marine  
  107  11:46  Marine x2  
  100  11:47  Siege Tank x2  
  100  11:50  Medivac, Marine  
  100  11:53  SCV x4  
  112  11:55  Medivac  
  112  11:56  Marine  
  112  11:58  Planetary Fortress  
  115  12:01  Marine  
  115  12:03  Marine  
  115  12:04  Marine x2  
  115  12:05  SCV x2, Siege Tank  
  120  12:08  Marine  
  120  12:14  Marine  
  122  12:19  Medivac, Marine, Siege Tank  
  122  12:20  Marine  
  122  12:22  Marine  
  132  12:23  Marauder  
  132  12:25  Medivac  
  134  12:33  SCV  
  134  12:34  SCV x3  
  134  12:36  Marine, Marauder  
  141  12:37  Siege Tank  
  141  12:39  Marauder  
  141  12:40  Marauder  
  150  12:44  Marauder  
  150  12:45  SCV  
  140  13:01  Marine x2, Marauder x2  
  140  13:02  Marauder  
  150  13:05  Marauder  
  143  13:18  Marine  
  143  13:19  Marine  
  140  13:22  Marauder x2  
  140  13:23  Marauder  
  132  13:27  Terran Infantry Armor Level 2, Terran Infantry Weapons Level 2, Marauder  
  128  13:34  Refinery  
  128  13:35  Refinery  
  128  13:36  Terran Vehicle Weapons Level 2, Marine  
  128  13:37  Marine  
  128  13:38  Advanced Ballistics  
  128  13:39  Liberator  
  133  13:42  Liberator  
  133  13:43  Marauder  
  133  13:44  Marine, Marauder  
  133  13:46  Refinery  
  133  13:47  SCV x2  
  133  13:48  SCV, Marine, Refinery  
  145  13:49  SCV x2  
  145  13:53  Siege Tank  
  145  13:54  Marine x2  
  152  13:56  Siege Tank  
  152  14:02  Marine  
  156  14:04  Marine  
  156  14:05  Marauder, Siege Tank  
  156  14:06  Marauder  
  164  14:12  Marine  
  164  14:15  Barracks  
  164  14:16  Barracks  
  151  14:26  Command Center, Marine  
  151  14:27  Marauder  
  132  14:57  Marine x5, Marauder  
  116  15:07  Siege Tank  
  117  15:15  Marine x5  
  117  15:18  Marine  
  116  15:29  Siege Tank x2  
  116  15:33  Marine x5  
  125  15:36  Marine  
  125  15:40  Siege Tank  
  112  15:45  Planetary Fortress  
  112  15:46  SCV  
  112  15:47  SCV  
  111  15:50  Marine  
  111  15:51  Marine x4  
  111  15:52  SCV  
  111  15:54  SCV, Marine  
  119  15:58  SCV  
  119  15:59  SCV  
  119  16:01  Widow Mine, Siege Tank  
  119  16:02  Barracks Tech Lab x2  
  126  16:05  Terran Infantry Weapons Level 3  
  126  16:07  Terran Infantry Armor Level 3  
  126  16:08  Marine  
  126  16:09  Marine x4  
  131  16:12  Marauder  
  133  16:23  Marine, Marauder  
  133  16:24  Siege Tank  
  139  16:26  Command Center, Marine x4  
  139  16:27  Marauder  
  144  16:33  Marine  
  144  16:39  Command Center  
  145  16:44  Marine  
  145  16:46  Marine x5  
  150  16:48  Marine  
  150  16:51  Marauder  
  153  17:02  Marine  
  153  17:04  Marine x2, Marauder x2  
  153  17:06  Marauder  
  146  17:12  Marine  
  146  17:13  Marine  
  123  17:20  Marine  
  123  17:21  Marine  
  123  17:22  Thor, Marine  
  118  17:25  Marine x2  
  118  17:27  Marine  
  120  17:30  Thor, Marine  
  120  17:31  Thor, Marine  
  120  17:33  Medivac  
  136  17:37  Medivac  
  136  17:38  Marine  
  136  17:39  Marine x2  
  136  17:43  Marine x2  
  143  17:44  SCV  
  143  17:45  SCV x3  
  143  17:50  Planetary Fortress  
  147  17:56  SCV  
  147  17:57  SCV, Marine  
  147  17:58  Marine x5  
  155  18:01  Marine x2  
  131  18:15  Marine x3  
  131  18:16  Marine, Marauder x2  
  131  18:18  Thor  
  131  18:19  Marine x2  
  147  18:21  Medivac  
  147  18:23  Medivac  
  151  18:30  SCV x2  
  151  18:33  Marine x4  
  157  18:36  Marine  
  157  18:37  Marine, Marauder x2  
  157  18:40  SCV x3  
  166  18:42  Command Center  
  163  18:51  Marine  
  155  18:57  Marine x5  
  147  19:04  Marine  
  147  19:05  Marine  
  147  19:09  Marine  
  148  19:15  Marine x5  
  150  19:22  Marine  
  150  19:23  Marine  
  152  19:26  Marine  
  152  19:31  Siege Tank  
  146  19:32  Marine  
  146  19:33  Marine x4  
  141  19:40  Marine x2  
  141  19:44  Marine  
  135  19:48  Siege Tank  
  135  19:50  Marine x2  
  135  19:51  Marine x3  
  143  19:56  Planetary Fortress  
  143  19:58  SCV, Marine x2  
  142  20:02  Marine  
  138  20:08  Marine x5  
  128  20:16  Marine x2  
Tags
 
Add a new tag
Caveats
  • Supply blocks, unpowered buildings, or Contaminate may cause inaccurate times.
  • Supply counts are checked every 10 seconds.